 Dungeon Crawl Stone Soup version 0.30-a0-862-g1aabd4f9c5 (webtiles) character file.

Game seed: 16568525014729324903

1705 cforsyth the Magician (level 8, -2/41 HPs)
             Began as a Deep Elf Earth Elementalist on Mar 9, 2023.
             Was an Initiate of Vehumet.
             Slain by a gnoll sergeant
             ... wielding a +4 heavy spear
              (12 damage)
             ... on level 6 of the Dungeon.
             The game lasted 00:07:15 (5569 turns).

cforsyth the Magician (Deep Elf Earth Elementalist) Turns: 5569, Time: 00:07:15

Health: -2/41      AC:  2    Str:  5    XL:     8   Next: 73%
Magic:  20/20      EV:  8    Int: 23    God:    Vehumet [......]
Gold:   240        SH:  0    Dex: 21    Spells: 20/21 levels left

rFire   . . .      SeeInvis .    (no weapon)
rCold   . . .      Faith    .    (no shield)
rNeg    . . .      Spirit   .    a - +0 robe
rPois   .          Reflect  .    (no helmet)
rElec   .          Rampage  .    (no cloak)
rCorr   .                        (no gloves)
Will    .....                    (no boots)
Stlth   ++++                     (no amulet)
HPRegen 0.26/turn                s - +6 ring of dexterity
MPRegen 0.17/turn                (no ring)

@: held
A: no striking features
a: Renounce Religion


You were on level 6 of the Dungeon.
You worshipped Vehumet.
Vehumet was noncommittal.
You visited 1 branch of the dungeon, and saw 6 of its levels.

You collected 240 gold pieces.

Inventory:

Missiles
 u - 2 throwing nets
Armour
 a - a +0 robe (worn)
Jewellery
 s - a +6 ring of dexterity (left hand)
 w - a ring of positive energy
Wands
 y - a wand of flame (13)
 A - a wand of mindburst (3)
Scrolls
 c - 7 scrolls of teleportation
 d - 4 scrolls of fear {unknown}
 g - 5 scrolls of identify
 i - 2 scrolls of fog {unknown}
 l - a scroll of immolation {unknown}
 o - a scroll of brand weapon {unknown}
 p - 6 scrolls of magic mapping {unknown}
 r - a scroll of amnesia {unknown}
 v - a scroll of summoning {unknown}
 x - a scroll of poison {unknown}
 B - 3 scrolls of blinking {unknown}
Potions
 b - a potion of magic
 e - a potion of cancellation {unknown}
 f - 5 potions of mutation {unknown}
 h - 3 potions of heal wounds {unknown}
 j - a potion of ambrosia {unknown}
 k - 5 potions of curing {unknown}
 m - a potion of brilliance {unknown}
 n - a potion of flight {unknown}
 q - 2 potions of haste {unknown}
 t - a potion of invisibility {unknown}
 z - a potion of lignification {unknown}


   Skills:
 + Level 6.4 Dodging
 + Level 7.0 Stealth
 + Level 7.1 Spellcasting
 + Level 5.4 Transmutations
 + Level 6.3 Earth Magic


You had 20 spell levels left.
You knew the following spells:

 Your Spells              Type           Power      Damage    Failure   Level
a - Sandblast             Erth           74%        2d16      1%          1

Your spell library contained the following spells:

 Spells                   Type           Power      Damage    Failure   Level
 Beastly Appendage        Tmut           66%        N/A       1%          1
 Passwall                 Tmut/Erth      29%        N/A       1%          2
 Wereblood                Tmut           33%        N/A       1%          2
 Stone Arrow              Conj/Erth      44%        3d9       6%          3
 Petrify                  Tmut/Erth      35%        N/A       7%          4
 Slow                     Hex            32%        N/A       8%          1
 Spider Form              Tmut/Pois      20%        N/A       8%          3
 Cigotuvi's Dreadful Rot  Necr/Pois/Air  16%        N/A       12%         2
 Momentum Strike          Conj/Tloc      16%        3d8       12%         2
 Poisonous Vapours        Pois/Air       16%        N/A       12%         2
 Confusing Touch          Hex            8%         N/A       22%         3
 Mephitic Cloud           Conj/Pois/Air  8%         N/A       22%         3
 Vampiric Draining        Necr           8%         2d6       22%         3
 Borgnjor's Vile Clutch   Necr/Erth      11%        N/A       50%         5
 Animate Dead             Necr           8%         N/A       58%         4
 Death Channel            Necr           4%         N/A       100%        6


Dungeon Overview and Level Annotations

Branches:
Dungeon (6/15)
 Temple: D:4-7

Altars:
Dithmenos
Nemelex Xobeh
Sif Muna
Trog
Vehumet


Message History

A gnoll comes into view. It is wielding a +0 spear.
Found 19 gold pieces.
The gnoll shouts!
A gnoll comes into view. It is wielding a +0 whip.
A gnoll comes into view. It is wielding a +0 flail.
You start waiting.
There are monsters nearby!
The blast of sand hits the gnoll sergeant.
The gnoll sergeant is lightly wounded.
The gnoll shouts!
The gnoll sergeant hits you from afar with a +4 heavy spear!
The blast of sand hits the gnoll sergeant!
The gnoll sergeant is heavily wounded.
The gnoll sergeant hits you but does no damage.
The blast of sand hits the gnoll sergeant.
The gnoll sergeant is severely wounded.
The gnoll sergeant hits you from afar with a +4 heavy spear!
The gnoll hits you from afar with a +0 spear!
* * * LOW HITPOINT WARNING * * *
An orc comes into view. It is wielding a +0 dagger.
The gnoll hits you from afar with a +0 spear.
* * * LOW HITPOINT WARNING * * *
An orc wizard comes into view. It is wielding a +0 dagger.
A hound comes into view.
An orc comes into view. It is wielding a +0 club.
The hound barks!
The orc shouts!
You hear a shout!
The gnoll throws a throwing net.
The throwing net hits you.
You become entangled in the net!
You see here a throwing net.
As you read the scroll labelled JEICHE FIQEHI, it crumbles to dust.
It is a scroll of identify.
c - 7 scrolls of teleportation The gnoll sergeant hits you from afar with a +4 heavy spear!
You die...

..###...## ##.........## #
...#.....# ##........## #
.........## ##.........## #
..........####.....#...gg## #
...##.............#.g.#...### .
...##.....[.......#g..###g..####.
..>###...............## ##.......
..#####....._.....g..# ##g.....
....##..........@....## ##g...#
.#........⌠...h.......## #....#
####............h......#####..###
# #...._.................##...##
## #..................o.....g...#
.###........##............g......
..##........##..............#.#..
...........................#####.
..........................## ##


You could see a gnoll sergeant, 2 hounds, 3 gnolls and an orc.

Vanquished Creatures
  Grinder (D:3)
  A water moccasin (D:6)
  An orc warrior (D:6)
  2 ogres
  2 black bears
  A phantom (D:5)
  4 scorpions
  3 hounds
  A gnoll bouda (D:3)
  2 orc priests (D:3)
  A jelly (D:6)
  Jessica (D:3)
  4 iguanas
  4 orc wizards
  9 gnolls
  3 adders
  A shadow imp (D:6)
  A white imp (D:5)
  2 dart slugs (D:2)
  3 worms
  6 orcs
  3 bats
  5 endoplasms
  6 giant cockroaches
  7 goblins
  4 hobgoblins
  7 jackals
  4 quokkas
  6 ball pythons
  4 frilled lizards
  6 kobolds
  7 rats
112 creatures vanquished.

Notes
Turn   | Place    | Note
-------+----------+-------------------------------------------
     0 | D:1      | cforsyth the Deep Elf Earth Elementalist began the quest
                  | for the Orb.
     0 | D:1      | Reached XP level 1. HP: 10/10 MP: 6/6
   218 | D:1      | Reached XP level 2. HP: 15/15 MP: 6/8
   868 | D:2      | Identified the ring "Roloro" {Fire rElec rN+ rCorr Int-5}
  1082 | D:2      | Reached XP level 3. HP: 19/19 MP: 7/9
  1665 | D:3      | Found a faded altar of an unknown god.
  1727 | D:3      | Noticed Jessica
  1730 | D:3      | Killed Jessica
  1731 | D:3      | Reached XP level 4. HP: 24/24 MP: 8/11
  1952 | D:3      | Reached XP level 5. HP: 28/28 MP: 4/13
  2288 | D:3      | Noticed Grinder
  2306 | D:3      | Killed Grinder
  2307 | D:3      | Reached XP level 6. HP: 15/32 MP: 8/15
  2469 | D:3      | Reached skill level 5 in Spellcasting
  2917 | D:3      | Reached skill level 5 in Stealth
  2920 | D:3      | Reached XP level 7. HP: 14/36 MP: 9/16
  3216 | D:4      | Reached skill level 5 in Earth Magic
  3841 | D:4      | Found a radiant altar of Vehumet.
  3860 | D:4      | Became a worshipper of Vehumet
  3992 | D:5      | Entered Level 5 of the Dungeon
  4033 | D:5      | Reached skill level 5 in Dodging
  4236 | D:5      | Noticed a troll
  4315 | D:5      | Reached XP level 8. HP: 34/41 MP: 13/19
  4704 | D:5      | HP: 2/41 [poisoned by a scorpion]
  5113 | D:6      | Reached skill level 5 in Transmutations
  5238 | D:6      | Found a shadowy altar of Dithmenos.
  5267 | D:6      | Found a sparkling altar of Nemelex Xobeh.
  5371 | D:6      | Found a bloodstained altar of Trog.
  5475 | D:6      | Found a shimmering blue altar of Sif Muna.
  5495 | D:6      | Got Sif Muna's Omnibus of Correspondence
  5569 | D:6      | Slain by a gnoll sergeant

Illustrated notes

Levels and vault maps discovered:
D:1:      lightli_arrival_farm, layout_loops_ring
D:2:      layout_loops_ring
D:3:      layout_basic, chequers_ecumenical_altar_simple,
          minmay_three_crescents, uniq_jessica, uniq_grinder
D:4:      layout_loops_ring, mainiacjoe_overflow_surrounded_room, serial_rivers,
          chequers_serial_rivers_small_b, chequers_serial_rivers_micro_e,
          chequers_serial_rivers_room_a, chequers_serial_rivers_micro_a,
          roderic_lattice_a, columned_hall_lemuel
D:5:      layout_loops_ring, nicolae_overflow_hidden_temple,
          lightli_corner_chamber
D:6:      layout_layer_cave, nzn_overflow_gifts_of_might_and_magic,
          zin_statuary, kennysheep_little_box, grunt_temple_overflow_open,
          temple_fountains, minmay_tree_intersection, hangedman_decor_growths,
          hangedman_decor_diamond_cutter, st_stairs_10,
          hangedman_decor_peaks_small

Skill      XL: |  1  2  3  4  5  6  7  8 |
---------------+-------------------------+-----
Stealth        | 3 4 5 6 7 |  7.0
Dodging        | 3 4 5 6 |  6.4
Transmutations | 2 3 4 5 |  5.4
Spellcasting   | 4 5 6 7 |  7.1
Earth Magic    | 4 5 6 |  6.3

Action                     |  1- 3 |  4- 6 |  7- 9 || total
---------------------------+-------+-------+-------++-------
  Melee: Unarmed           |       |     4 |       ||     4
   Cast: Sandblast         |    46 |    73 |    93 ||   212
    Use: Scroll            |       |       |     1 ||     1
 Armour: Robe              |       |    12 |     6 ||    18
  Dodge: Dodged            |     4 |    63 |    25 ||    92

Table legend: (Time is in decaauts)
 A = Elapsed time spent in this place.
 B = Non-inter-level travel time spent in this place.
 C = Inter-level travel time spent in this place.
 D = Time resting spent in this place.
 E = Time spent auto-exploring this place.
 F = Levels seen in this place.
 G = Mean time per level.
                   A        B        C        D        E       F      G
               +--------+--------+--------+--------+--------+-----+--------+
         Total |   5704 |   5572 |    132 |    170 |   4659 |   6 |  950.7 |
       Dungeon |   5704 |   5572 |    132 |    170 |   4659 |   6 |  950.7 |
               +--------+--------+--------+--------+--------+-----+--------+

Top non-repeatable levels by time:
     D:3: 1379 daAuts
     D:4: 1018 daAuts
     D:5: 999 daAuts
     D:1: 891 daAuts
     D:2: 807 daAuts
     D:6: 607 daAuts
